 Dungeon Crawl Stone Soup version 0.20.1-1-g8b1a95d (webtiles) character file.

254 JohnnyMnemonic the Cutter (level 5, 0/38 HPs)
             Began as a Demonspawn Assassin on Oct 11, 2017.
             Splashed by a jelly's acid (2 damage)
             ... on level 3 of the Dungeon.
             The game lasted 00:05:53 (4635 turns).

JohnnyMnemonic the Cutter (Demonspawn Assassin)     Turns: 4635, Time: 00:05:53

Health: 0/38       AC: -5    Str: 16    XL:     5   Next: 90%
Magic:  5/5        EV: 12    Int: 12    God:
Gold:   267        SH:  0    Dex: 16    Spells: 4/5 levels left

rFire    . . .     SeeInvis .   h - +1 dagger (speed)
rCold    . . .     Gourm    .   (no shield)
rNeg     . . .     Faith    .   c - +0 robe
rPois    .         Spirit   .   (no helmet)
rElec    .         Reflect  .   d - +0 cloak
rCorr    .         Harm     .   (no gloves)
MR       .....                  (no boots)
Stlth    +++.......             (no amulet)
Regen    0.2/turn               (no ring)
MPRegen  0.1/turn               (no ring)

@: mighty, corroded
A: claws 1, powered by pain 1, rot immunity
a: no special abilities


You were on level 3 of the Dungeon.
You were near starving.

You visited 1 branch of the dungeon, and saw 4 of its levels.

You collected 267 gold pieces.

Inventory:

Hand Weapons
 a - a +2 dagger
 b - a +0 blowgun
 h - a +1 dagger of speed (weapon)
Missiles
 e - 8 poisoned needles
 f - 2 curare-tipped needles
Armour
 c - a +0 robe (worn)
 d - a +0 cloak (worn)
Scrolls
 i - 2 scrolls of enchant armour {unknown}
 j - a scroll of magic mapping {unknown}
 m - 5 scrolls of identify {unknown}
 o - 2 scrolls of blinking {unknown}
 u - 2 scrolls of fear {unknown}
 v - a scroll of amnesia {unknown}
 x - a scroll of remove curse {unknown}
 y - a scroll of random uselessness {unknown}
 A - a scroll of teleportation {unknown}
Potions
 k - a potion of brilliance {unknown}
 l - a potion of berserk rage {unknown}
 n - 4 potions of might
 q - a potion of flight {unknown}
 s - a potion of curing {unknown}
 w - a potion of resistance {unknown}
 z - a potion of agility {unknown}
 B - a potion of mutation {unknown}
Books
 r - a book of Cantrips

   Spells                             Type                      Level
   a - Confusing Touch                Hexes                        1
   b - Animate Skeleton               Necromancy                   1
   c - Summon Small Mammal            Summoning                    1
   d - Apportation                    Translocation                1
Comestibles
 g - 2 bread rations
 p - a royal jelly
 t - a meat ration


   Skills:
 - Level 2.0 Fighting
 - Level 4.0 Short Blades
 - Level 1.7 Throwing
 - Level 0.8 Dodging
 - Level 3.6 Stealth
 + Level 0.5 Spellcasting
 - Level 4.0 Hexes


You had 4 spell levels left.
You knew the following spells:

 Your Spells              Type           Power        Failure   Level  Hunger
a - Confusing Touch       Hex            ##....       6%          1    ##.....


Dungeon Overview and Level Annotations

Branches:
Dungeon (4/15)
 Temple: D:4-7

Altars:


Innate Abilities, Weirdness & Mutations

You have sharp fingernails.
You sometimes gain a little power by taking damage.
You are immune to rotting.


Message History

* * * LOW HITPOINT WARNING * * *
You hit the jelly.
Your claws burn!
* * * LOW HITPOINT WARNING * * *
The jelly is lightly wounded.
You hit the jelly but do no damage.
Your claws burn!
* * * LOW HITPOINT WARNING * * *
The jelly is lightly wounded.
The jelly barely misses you.
You barely miss the jelly.
The jelly is lightly wounded.
It was a potion of might.
You feel very mighty all of a sudden. The jelly misses you.
You hit the jelly. The acid corrodes you!
Your claws burn!
* * * LOW HITPOINT WARNING * * *
The jelly is moderately wounded.
The jelly jiggles.
The jelly barely misses you.
You hit the jelly.
Your claws burn!
You die...

#.#
#.######.............#
#.#
#........######.#.####
#.# #######..######.#.#
#.# #...........##...#
#.# #.####.)###.####.#
#.# #.# #..# #.# #.# #.#
#.# #..# #.# #.# #.#
#.####..###.# #.# ##)##
#.>J@.......# #.#
#...###.#####.....####.#
#......................#
#...###............#####
##### #.######...#.# #.#
#.###.# #.# #.# #.# #
#.# #.# #.#
##############.# #.# #.#


You could see a jelly.

Vanquished Creatures
  A howler monkey (D:4)
  An orc wizard (D:3)
  A centaur skeleton (D:4)
  A worker ant (D:4)
  An adder (D:4)
  An adder skeleton (D:3)
  3 worms (D:3)
  6 dart slugs
  5 leopard geckos
  8 orcs (D:3)
  3 giant cockroaches
  8 hobgoblins
  7 jackals
  3 quokkas
  3 ball pythons (D:2)
  8 bats
  3 frilled lizards
  6 goblins
  6 kobolds
  9 rats
84 creatures vanquished.

Vanquished Creatures (others)
  An orc wizard (D:3)
1 creature vanquished.

Grand Total: 85 creatures vanquished

Notes
Turn   | Place    | Note
-------+----------+-------------------------------------------
     0 | D:1      | JohnnyMnemonic the Demonspawn Assassin began the quest for the Orb.
     0 | D:1      | Reached XP level 1. HP: 16/16 MP: 1/1
   215 | D:1      | Gained mutation: You are immune to rotting. [demonic ancestry]
   215 | D:1      | Reached XP level 2. HP: 19/22 MP: 2/2
  1266 | D:2      | Gained mutation: You sometimes gain a little power by taking damage. [demonic ancestry]
  1266 | D:2      | Reached XP level 3. HP: 16/27 MP: 3/3
  2131 | D:3      | HP: 1/27 [worm (8)]
  2463 | D:3      | Gained mutation: You have sharp fingernails. [demonic ancestry]
  2463 | D:3      | Reached XP level 4. HP: 33/33 MP: 4/4
  2536 | D:3      | Learned a level 1 spell: Confusing Touch
  2912 | D:3      | Reached skill level 1 in Hexes
  3302 | D:3      | Reached XP level 5. HP: 38/38 MP: 5/5
  4620 | D:4      | Noticed an ogre
  4634 | D:3      | HP: 1/38 [acid (2)]
  4635 | D:3      | Splashed by a jelly's acid

Skill      XL: |  1  2  3  4  5 |
---------------+----------------+-----
Short Blades   | 2 3 4 |  4.0
Hexes          | 2 4 |  4.0
Fighting       | |  2.0
Throwing       | |  1.7
Dodging        | |  0.8
Stealth        | |  3.6
Spellcasting   | |  0.5

Action                   |  1- 3 |  4- 6 || total
-------------------------+-------+-------++-------
Melee: Dagger            |   177 |   237 ||   414
  Use: Potion            |       |     1 ||     1
 Stab: Sleeping          |     9 |     7 ||    16
  Eat: Chunk             |     4 |     6 ||    10
Armor: Robe              |    33 |    21 ||    54
Dodge: Dodged            |    58 |    96 ||   154
